 Dungeon Crawl Stone Soup version 0.20-a0-454-g2b43fbb (webtiles) character file.

422124 Jivvin the Intangible (level 22, -1/195 HPs)
             Began as a Minotaur Monk on Jan 9, 2017.
             Was the Champion of Dithmenos.
             Slain by a sphinx (4 damage)
             ... while paralysed by a sphinx
             ... on level 1 of the Tomb of the Ancients.
             The game lasted 01:35:58 (62919 turns).

Jivvin the Intangible (Minotaur Monk)              Turns: 62919, Time: 01:35:59

Health: -1/195     AC: 18    Str: 23    XL:     22   Next: 67%
Magic:  21/21      EV:  2    Int:  7    God:    Dithmenos [******]
Gold:   2807       SH:  0    Dex: 32    Spells: 21/21 levels left

rFire  . . .     SeeInvis .     b - +6 great sword (holy)
rCold  + . .     Gourm    .     E - +4 ring mail "Jeotil" {rElec Str-2 Dex+7}
rNeg   . . .     Faith    .     (shield currently unavailable)
rPois  .         Spirit   .     (helmet restricted)
rElec  +         Reflect  .     j - +2 cloak
rCorr  .         Harm     .     A - +0 pair of fencer's gloves {+Riposte Dex+3}
MR     +....                    q - +2 pair of boots
Stlth  ++++++++++               N - amulet "Gahom" {+Rage rC+ Str+4}
                                H - +4 ring of evasion
                                e - +4 ring of strength

@: paralysed, slowed, wreathed by umbra
A: retaliatory headbutt, horns 2, frail 1
}: 2/15 runes: decaying, gossamer
a: Shadow Step, Shadow Form, Renounce Religion, Evoke Berserk Rage


You were on level 1 of the Tomb of the Ancients.
You worshipped Dithmenos.
Dithmenos was exalted by your worship.
You were not hungry.

You visited 9 branches of the dungeon, and saw 40 of its levels.
You also visited: Bailey, Ice Cave and Wizlab.

You collected 5872 gold pieces.
You spent 3065 gold pieces at shops.

Inventory:

Hand Weapons
 a - a +2 triple sword of draining
 b - a +6 great sword of holy wrath (weapon)
Armour
 j - a +2 cloak (worn)
 q - a +2 pair of boots (worn)
 A - the +0 pair of fencer's gloves (worn) {+Riposte Dex+3}
   (You found it on level 6 of the Lair of Beasts)

   It affects your dexterity (+3).
 E - the +4 ring mail "Jeotil" (worn) {rElec Str-2 Dex+7}
   (You took it off a deep elf master archer on level 3 of the Elven Halls)

   It affects your strength (-2).
   It affects your dexterity (+7).
   It insulates you from electricity.
Jewellery
 e - a +4 ring of strength (left hand)
 k - an uncursed ring of see invisible
 n - an uncursed ring of protection from fire
 t - a +6 ring of evasion
 H - a +4 ring of evasion (right hand)
 N - the amulet "Gahom" (around neck) {+Rage rC+ Str+4}
   (You bought it in a shop on level 2 of the Elven Halls)

   [amulet of rage]

   It affects your strength (+4).
   It protects you from cold.
   It lets you go berserk.
Wands
 p - a wand of acid (15/15)
 s - a wand of iceblast (15/15)
 u - a wand of lightning (3/15)
 v - a wand of paralysis (10/24)
 B - a wand of acid (15/15)
Scrolls
 d - 10 scrolls of teleportation
 o - 15 scrolls of remove curse
 y - 5 scrolls of enchant armour
 C - 5 scrolls of recharging
 I - 2 scrolls of fear
 J - a scroll of fog
 L - 2 scrolls of silence
 Q - 8 scrolls of identify
 S - a scroll of blinking
 T - 3 scrolls of summoning
Potions
 c - 9 potions of haste
 f - 2 potions of ambrosia
 g - 3 potions of brilliance
 h - 3 potions of heal wounds
 l - 3 potions of cancellation
 r - 3 potions of magic
 w - 3 potions of flight
 x - a potion of resistance
 D - 3 potions of agility
 G - 8 potions of curing
 K - 6 potions of might
Books
 i - a book of Transfigurations

   Spells                             Type                      Level
   a - Irradiate                      Conjuration/Transmutation    5
   b - Statue Form                    Transmutation/Earth          6
   c - Hydra Form                     Transmutation                6
   d - Dragon Form                    Transmutation                7
Comestibles
 m - 68 fruits
 z - 22 bread rations
 M - 7 meat rations


   Skills:
 - Level 22.7 Fighting
 + Level 21.1 Long Blades
 - Level 7.3 Armour
 O Level 27 Dodging
 - Level 12.7 Stealth


You had 21 spell levels left.
You didn't know any spells.

Dungeon Overview and Level Annotations

Branches:
Dungeon (15/15)            Temple (0/1) D:7            Lair (6/6) D:11
  Swamp (4/4) Lair:3       Spider (4/4) Lair:3        Slime (0/5) Lair:6
    Orc (2/2) D:11            Elf (3/3) Orc:2        Vaults (2/5) D:14
  Crypt (3/3) Vaults:2       Tomb (1/3) Crypt:3      Depths (0/5) D:15

Altars:
Ashenzari
Dithmenos
Fedhas
Kikubaaqudgha
Nemelex Xobeh
Ru
Uskayaw
Vehumet
Yredelemnul
Beogh

Shops:
D:10 (   D:11 [   D:13 [   Orc:2 [[=:   Elf:2 =   Elf:3 *   Vaults:1 *:*[

Annotations:
Lair:6 exclusion: 3 oklob plants


Innate Abilities, Weirdness & Mutations

You reflexively headbutt those who attack you in melee.
You have a pair of horns on your head.
You are frail. (-10% HP)


Message History

The sphinx hits you but does no damage. x2
The sphinx mumbles some strange words.
You shrug off the repeated paralysis!
The death scarab bites you!
* * * LOW HITPOINT WARNING * * *
The death scarab drains your vigour!
You feel as though you will be slow longer.
The death scarab draws strength from your injuries!
The death scarab bites you!!
* * * LOW HITPOINT WARNING * * *
The death scarab draws strength from your injuries!
The death scarab bites you but does no damage.
The death scarab bites you.
* * * LOW HITPOINT WARNING * * *
You emit a cloud of dark smoke.
The death scarab drains your vigour!
You feel as though you will be slow longer.
The death scarab draws strength from your injuries!
The sphinx hits you!
* * * LOW HITPOINT WARNING * * *
The sphinx hits you.
You die...

########################
..............§.§.......
..............§§§.......
........(...§..§§§§.....
.............§§§§H§.....
..............§s@Ms§....
..............§ssH§.....
..............§§§s.⌠....
........................
........................
........................
................8...8...
.................M......
########


You could see 2 sphinxes, 5 death scarabs and a mummy.

Vanquished Creatures
  Mennas (Crypt:1)
  An ancient lich (Crypt:3)
  Saint Roka (Crypt:2)
  2 bone dragons (Crypt:3)
  2 liches (Crypt:3)
  A Hellbinder (WizLab)
  Jorgrun (Vaults:1)
  A shard shrike skeleton (Crypt:3)
  A deep elf blademaster (Elf:3)
  2 deep elf master archers (Elf:3)
  The ghost of rjrrt the Eclecticist, an adept DEFE of Vehumet (Vaults:1)
  6 ancient champions
  Kirke (D:11)
  3 thorn hunters
  Agnes (Spider:3)
  A revenant (Crypt:3)
  3 sphinxes (Tomb:1)
  3 deep elf sorcerers
  A fire giant (shapeshifter) (D:12)
  A frost giant (IceCv)
  2 balrugs (WizLab)
  A ghost moth (Spider:4)
  3 vault wardens
  The ghost of knot the Severer, an adept DsAs of Okawaru (Spider:1)
  2 orc warlords
  Aizul (Crypt:1)
  4 emperor scorpions
  7 deep elf elementalists (Elf:3)
  4 reapers
  3 stone giants
  7 ironheart preservers
  9 ghouls
  5 entropy weavers
  5 vampire knights
  4 deep elf demonologists
  A dire elephant (D:15)
  5 deep elf annihilators
  5 spark wasps
  Snorg (D:12)
  A mummy priest (Tomb:1)
  3 eidola
  Josephine (D:13)
  A great orb of eyes (Vaults:2)
  5 deep elf death magi
  4 ettins
  A blizzard demon (WizLab)
  6 ogre magi
  2 deep elf high priests (Elf:3)
  3 yaktaur captains
  8 jiangshi
  Erolcha (D:13)
  An ice dragon (Vaults:2)
  A hell beast (WizLab)
  8 vault guards
  A ghost crab (Swamp:3)
  13 hydras
  10 centaur warriors
  6 death knights
  9 alligators
  A deep troll earth mage (D:13)
  27 two-headed ogres
  7 death yaks
  10 vampire magi
  13 death scarabs
  A tengu warrior (D:14)
  5 orc high priests (Elf:3)
  31 dancing weapons
  A spriggan berserker (Swamp:4)
  15 deep elf knights
  2 soul eaters (WizLab)
  2 titan skeletons (Crypt:3)
  3 shadow wraiths
  72 skeletal warriors
  5 deep trolls
  A fire crab (Lair:6)
  The ghost of terra52 the Covered, a novice FoAK of Lugonu (D:6)
  4 flayed ghosts
  A spriggan druid (Swamp:4)
  An orange crystal statue (Elf:1)
  4 unseen horrors
  12 deep elf archers
  2 wizards
  A death drake (shapeshifter) (Vaults:2)
  11 swamp dragons
  10 phantasmal warriors
  11 orc knights
  A shambling mangrove (Swamp:4)
  3 anaconda skeletons (Crypt:3)
  8 spectral wolf spiders (Spider:4)
  3 ironbrand convokers
  A wolf spider zombie (Spider:4)
  Pikel (D:7)
  4 oklob plants (Lair:3)
  16 orb spiders
  4 shadow dragon skeletons (Crypt:3)
  2 orc sorcerers (Orc:1)
  A salamander (D:15)
  28 wolf spiders
  34 ugly things
  7 moths of wrath
  77 deep elf magi
  3 manticores
  8 cyclopes
  An iron dragon skeleton (Crypt:3)
  5 vault sentinels
  12 black mambas
  5 elephants (Lair:6)
  2 frost giant skeletons (Crypt:3)
  Maurice (D:11)
  An ice statue (IceCv)
  A fire giant skeleton (Crypt:3)
  21 spiny frogs
  2 stone giant skeletons
  2 molten gargoyles (Lair:4)
  A centaur zombie (D:14)
  An elephant (shapeshifter) (Vaults:2)
  A guardian serpent (Lair:6)
  A rust devil (WizLab)
  An orange demon (WizLab)
  5 torpor snails
  2 gargoyles
  A kobold demonologist (WizLab)
  8 yaktaurs
  A swamp worm zombie (Crypt:1)
  A rime drake (IceCv)
  2 spectral redbacks (Spider:4)
  5 efreet
  10 freezing wraiths
  13 demonic crawlers
  A tormentor (WizLab)
  2 redback zombies (Spider:4)
  7 komodo dragons
  A white draconian skeleton (Crypt:3)
  A guardian mummy (Crypt:3)
  5 ice devils (WizLab)
  A purple draconian skeleton (Crypt:3)
  A jumping spider (shapeshifter) (Vaults:1)
  A catoblepas skeleton (Crypt:1)
  A queen bee (D:12)
  3 meliai (D:12)
  4 red devils (D:13)
  A hornet (shapeshifter) (Elf:2)
  7 tyrant leeches
  A harpy zombie (Crypt:3)
  17 hornets
  15 polar bears
  A polar bear (shapeshifter) (Vaults:1)
  25 jumping spiders
  14 trolls
  32 slime creatures
  2 spectral tarantellas (Spider:4)
  A hydra skeleton (Crypt:3)
  9 hippogriffs
  8 bog bodies
  A harpy skeleton (Crypt:1)
  2 tarantella zombies (Spider:4)
  9 blink frogs
  3 jumping spider zombies
  11 dream sheep
  2 spectral jumping spiders (Spider:4)
  5 shadows
  5 air elementals
  49 tarantellas
  2 ice dragon skeletons (Crypt:3)
  81 redbacks
  2 alligator skeletons (Crypt:3)
  2 vampires
  4 water elementals
  15 wraiths
  A fire dragon skeleton (Crypt:3)
  13 wyverns
  A yak (shapeshifter) (D:14)
  17 flying skulls
  4 spriggans
  2 ynoxinuls (WizLab)
  7 hogs
  9 basilisks
  6 fire elementals
  72 yaks
  3 hungry ghosts
  2 steam dragons
  A human (shapeshifter) (Vaults:1)
  11 wargs
  29 vampire mosquitoes
  4 insubstantial wisps (Swamp:1)
  Edmund (D:5)
  2 acid dragons
  A glowing shapeshifter zombie (Crypt:2)
  12 swamp worms
  Duvessa (D:5)
  A soldier ant (D:14)
  22 water moccasins
  2 floating eyes (Elf:2)
  11 porcupines
  5 sky beasts
  An ice beast (D:7)
  A sky beast (shapeshifter) (Vaults:1)
  A hornet zombie (D:11)
  54 orc warriors
  9 swamp drakes
  A black bear (D:9)
  6 necrophages
  3 phantoms
  An elephant zombie (Crypt:2)
  24 wolves
  An ogre (shapeshifter) (Vaults:1)
  3 boggarts (Vaults:1)
  38 ogres
  22 centaurs
  A snapping turtle skeleton (Crypt:3)
  8 crocodiles
  2 big kobolds
  Blork the orc (D:5)
  A bullfrog (shapeshifter) (Vaults:2)
  19 bullfrogs
  6 earth elementals
  An elf skeleton (Crypt:3)
  A water moccasin zombie (Crypt:1)
  Dowan (D:5)
  A hell hound zombie (Crypt:3)
  A hell hound skeleton (Crypt:2)
  3 scorpions
  A wyvern skeleton (D:10)
  A human simulacrum (Vaults:2)
  A water moccasin skeleton (D:5)
  44 killer bees
  A polar bear skeleton (Crypt:2)
  24 wights
  2 electric eels (Elf:3)
  8 howler monkeys
  6 crimson imps
  4 bullfrog zombies
  5 lava snakes (Lair:4)
  A quasit (D:14)
  3 centaur skeletons
  6 hounds
  20 orc priests
  4 jellies
  4 human zombies (D:9)
  A soldier ant zombie (Crypt:1)
  24 orc wizards
  8 bullfrog skeletons
  2 human skeletons
  8 iguanas
  12 worker ants
  7 hell rats (Lair:4)
  A killer bee zombie (D:7)
  A big kobold zombie (Crypt:1)
  A demigod zombie (Crypt:1)
  2 hound zombies
  14 mummies
  A worker ant zombie (D:11)
  A hell rat skeleton (Crypt:2)
  11 gnolls
  20 adders
  4 shadow imps
  13 white imps
  An adder skeleton (D:4)
  3 worms
  A barachian skeleton (Crypt:3)
  A dart slug (D:1)
  4 leopard geckos
  117 orcs
  6 bats
  6 giant cockroaches
  5 goblins
  4 hobgoblins
  12 jackals
  15 kobolds
  4 quokkas
  A ball python (D:3)
  3 frilled lizards
  3 quokka skeletons
  7 rats
  2 briar patches (Swamp:3)
  2 plants
2018 creatures vanquished.

Vanquished Creatures (collateral kills)
  2 orb spiders (Spider:4)
  A hornet (Spider:4)
3 creatures vanquished.

Vanquished Creatures (others)
  A tarantella (Spider:4)
  3 briar patches (Swamp:4)
  15 fungi
  56 plants
75 creatures vanquished.

Grand Total: 2096 creatures vanquished

Notes
Turn   | Place    | Note
-------+----------+-------------------------------------------
     0 | D:1      | Jivvin the Minotaur Monk began the quest for the Orb.
     0 | D:1      | Reached XP level 1. HP: 19/19 MP: 0/0
   134 | D:1      | Reached XP level 2. HP: 27/27 MP: 1/1
   280 | D:1      | Reached skill level 4 in Dodging
   636 | D:2      | Reached XP level 3. HP: 33/33 MP: 2/2
   661 | D:2      | Found a blossoming altar of Fedhas.
  1387 | D:3      | Reached XP level 4. HP: 40/40 MP: 3/3
  1755 | D:4      | Reached skill level 5 in Dodging
  1769 | D:4      | Noticed a phantom
  1794 | D:4      | Killed a phantom
  1794 | D:4      | Reached XP level 5. HP: 45/47 MP: 4/4
  2076 | D:4      | Noticed a phantom
  2100 | D:4      | Killed a phantom
  2100 | D:4      | Reached skill level 5 in Long Blades
  2100 | D:4      | Reached XP level 6. HP: 38/53 MP: 5/5
  2200 | D:4      | Reached skill level 6 in Dodging
  2605 | D:5      | Entered Level 5 of the Dungeon
  2608 | D:5      | Reached skill level 5 in Fighting
  2618 | D:5      | Reached XP level 7. HP: 31/61 MP: 6/6
  2664 | D:5      | Noticed Duvessa
  2665 | D:5      | Noticed Dowan
  2964 | D:6      | Reached skill level 7 in Dodging
  3458 | D:6      | Reached XP level 8. HP: 67/70 MP: 7/7
  4552 | D:6      | Reached skill level 8 in Dodging
  5210 | D:6      | Noticed terra52's ghost (novice FoAK)
  5455 | D:5      | Killed Duvessa
  5469 | D:5      | Killed Dowan
  6010 | D:5      | Reached skill level 9 in Dodging
  6099 | D:5      | Found a shattered altar of Ashenzari.
  6102 | D:5      | Found a shadowy altar of Dithmenos.
  6102 | D:5      | Noticed Edmund
  6122 | D:5      | Killed Edmund
  6122 | D:5      | Reached XP level 9. HP: 50/79 MP: 8/8
  6124 | D:5      | Became a worshipper of Dithmenos the Shadowed
  6124 | D:5      | Reached * piety under Dithmenos
  6124 | D:5      | Reached ** piety under Dithmenos
  6131 | D:5      | Found a radiant altar of Vehumet.
  6134 | D:5      | Found a sacrificial altar of Ru.
  6709 | D:5      | Noticed Blork the orc
  6716 | D:5      | Killed Blork the orc
  6901 | D:6      | Killed terra52's ghost
  6901 | D:6      | Reached skill level 5 in Stealth
  6989 | D:6      | Reached skill level 10 in Dodging
  7380 | D:6      | Found a hide-covered altar of Uskayaw.
  7380 | D:6      | Found an ancient bone altar of Kikubaaqudgha.
  7540 | D:7      | Found a staircase to the Ecumenical Temple.
  7987 | D:8      | Noticed Pikel
  8003 | D:7      | Killed Pikel
  8048 | D:8      | Reached XP level 10. HP: 83/89 MP: 9/9
  8081 | D:8      | Reached skill level 11 in Dodging
  8458 | D:8      | Reached *** piety under Dithmenos
  8629 | D:9      | Found a sparkling altar of Nemelex Xobeh.
  9032 | D:9      | Reached skill level 10 in Fighting
  9109 | D:9      | Reached **** piety under Dithmenos
  9113 | D:9      | Found a basalt altar of Yredelemnul.
  9322 | D:10     | Entered Level 10 of the Dungeon
  9489 | D:10     | Noticed a centaur warrior
  9490 | D:10     | Noticed a manticore
  9596 | D:10     | Reached skill level 10 in Long Blades
  9916 | D:11     | Noticed a two-headed ogre
  9924 | D:11     | Killed a two-headed ogre
 10001 | D:11     | Reached XP level 11. HP: 85/102 MP: 10/10
 10113 | D:11     | Noticed a purple ugly thing
 10114 | D:11     | Found Ugiurali's Armour Boutique.
 10133 | D:11     | Killed a purple ugly thing
 10549 | D:11     | Bought the +0 ring mail "Xederph" {Str+4} for 232 gold pieces
 10576 | D:11     | Found a staircase to the Lair.
 10606 | Lair:1   | Entered Level 1 of the Lair of Beasts
 10814 | Lair:1   | Reached ***** piety under Dithmenos
 10853 | Lair:1   | Noticed a six-headed hydra
 11331 | Lair:2   | Found a frozen archway.
 11358 | IceCv    | Entered an ice cave
 11538 | IceCv    | Reached skill level 1 in Armour
 12011 | IceCv    | Reached skill level 5 in Armour
 12702 | IceCv    | Noticed a death yak
 12720 | IceCv    | Killed a death yak
 12720 | IceCv    | Reached XP level 12. HP: 101/110 MP: 11/11
 12986 | IceCv    | Noticed a frost giant
 13031 | IceCv    | Reached skill level 12 in Dodging
 13573 | IceCv    | Killed a frost giant
 14287 | Lair:2   | Reached ****** piety under Dithmenos
 14321 | Lair:2   | Reached skill level 13 in Dodging
 15005 | Lair:3   | Found a staircase to the Swamp.
 15065 | Lair:3   | Reached skill level 14 in Dodging
 15634 | Lair:3   | Found a hole to the Spider Nest.
 16446 | Lair:4   | Reached skill level 15 in Dodging
 16453 | Lair:4   | Reached XP level 13. HP: 116/116 MP: 12/12
 16805 | Lair:4   | HP: 1/116 [hell rat (7)]
 17771 | Lair:1   | Reached skill level 16 in Dodging
 18979 | Lair:6   | Entered Level 6 of the Lair of Beasts
 19945 | Lair:6   | Reached XP level 14. HP: 88/129 MP: 13/13
 20220 | Lair:6   | Paralysed by a hornet for 2 turns
 20749 | Lair:6   | Found a staircase to the Slime Pits.
 21656 | Lair:6   | Reached skill level 15 in Fighting
 22207 | D:11     | Noticed Maurice
 22213 | D:11     | Killed Maurice
 22327 | D:11     | Found a staircase to the Orcish Mines.
 22494 | Orc:1    | Entered Level 1 of the Orcish Mines
 22523 | Orc:1    | Paralysed by an orc sorcerer for 4 turns
 22581 | Orc:1    | Noticed an orc warlord
 22938 | Orc:1    | Killed an orc warlord
 23531 | Orc:2    | Entered Level 2 of the Orcish Mines
 24414 | Orc:2    | Found a roughly hewn altar of Beogh.
 24444 | Orc:2    | Found Utiamaho's Armour Shop.
 24445 | Orc:2    | Found Nithrog's Antique Armour Emporium.
 24780 | Orc:2    | Paralysed by an ogre mage for 7 turns
 24820 | Orc:2    | Found Founish's Book Emporium.
 24831 | Orc:2    | Found a staircase to the Elven Halls.
 24846 | Orc:2    | Found Pocwathy's Jewellery Shoppe.
 24874 | Orc:2    | Bought a pair of embroidered boots for 336 gold pieces
 25018 | Orc:2    | Reached XP level 15. HP: 77/149 MP: 14/14
 25814 | D:10     | Found a sparkling altar of Nemelex Xobeh.
 25877 | D:10     | Got a crude short sword
 25878 | D:10     | Identified the +3 short sword of Twilight {freeze, *Drain rElec rPois Str+6} (You found it on level 10 of the Dungeon)
 25958 | D:10     | Identified the Incunabulum of Feathers
 25968 | D:10     | Identified Poucitu's Compendium of Nocuous Necromancy
 26162 | D:10     | Found Nufey's Weapon Boutique.
 26459 | D:12     | Noticed Snorg
 26471 | D:12     | Killed Snorg
 26645 | D:12     | Noticed Kirke
 26859 | D:11     | Noticed a sphinx
 26862 | D:11     | Noticed a sphinx
 26865 | D:11     | Killed Kirke
 27380 | D:12     | Found a blossoming altar of Fedhas.
 27676 | D:12     | Noticed a storm dragon
 27676 | D:12     | a queen ant changed into a storm dragon
 27678 | D:12     | Noticed a fire giant
 27678 | D:12     | a storm dragon changed into a fire giant
 27682 | D:12     | Killed a fire giant
 27682 | D:12     | Reached skill level 17 in Dodging
 27986 | D:13     | Noticed Josephine
 27994 | D:13     | Killed Josephine
 28504 | D:13     | Noticed Erolcha
 28512 | D:13     | Killed Erolcha
 29917 | D:13     | Found Ustitsan's Armour Emporium.
 30077 | D:14     | Found a gate to the Vaults.
 30108 | D:14     | Reached XP level 16. HP: 160/160 MP: 15/15
 30117 | D:14     | Reached skill level 10 in Stealth
 30244 | D:14     | Found a flagged portal.
 30383 | Bailey   | Entered a bailey
 31557 | D:15     | Entered Level 15 of the Dungeon
 31714 | D:15     | Reached skill level 18 in Dodging
 32189 | D:15     | Found a staircase to the Depths.
 32774 | Spider:1 | Entered Level 1 of the Spider Nest
 32886 | Spider:1 | Noticed knot's ghost (adept DsAs)
 32898 | Spider:1 | Killed knot's ghost
 33367 | Spider:1 | Reached skill level 19 in Dodging
 36451 | Spider:1 | Reached skill level 20 in Dodging
 36512 | Spider:1 | Reached XP level 17. HP: 144/168 MP: 16/16
 37700 | Spider:3 | Noticed Agnes
 37710 | Spider:3 | Killed Agnes
 38620 | Spider:4 | Entered Level 4 of the Spider Nest
 38806 | Spider:4 | Reached skill level 21 in Dodging
 41161 | Spider:4 | HP: 3/171 [disintegration (33)]
 42031 | Spider:4 | Reached XP level 18. HP: 179/182 MP: 17/17
 42048 | Spider:4 | Got a gossamer rune of Zot
 42344 | D:10     | Got smelly swamp dragon scales
 42355 | D:10     | Identified the +3 swamp dragon scales of Beauty {rPois rC+ MR+} (You took it off a yaktaur on level 10 of the Dungeon)
 42523 | Swamp:1  | Entered Level 1 of the Swamp
 42647 | Swamp:1  | Gained mutation: Your mind is acute. (Int +2) [potion of beneficial mutation]
 42718 | Swamp:1  | You fall through a shaft!
 43082 | Swamp:1  | Gained mutation: You are somewhat resistant to further mutation. [potion of mutation]
 43085 | Swamp:1  | Lost mutation: Your mind is acute. (Int +2) [potion of cure mutation]
 43085 | Swamp:1  | Lost mutation: You are somewhat resistant to further mutation. [potion of cure mutation]
 44979 | Swamp:4  | Entered Level 4 of the Swamp
 45008 | Swamp:4  | Reached skill level 22 in Dodging
 45908 | Swamp:4  | Got a decaying rune of Zot
 46497 | Elf:1    | Entered Level 1 of the Elven Halls
 48204 | Elf:2    | Reached XP level 19. HP: 154/191 MP: 14/18
 48263 | Elf:2    | Paralysed by a floating eye for 4 turns
 48287 | Elf:2    | Reached skill level 23 in Dodging
 48300 | Elf:2    | Paralysed by a floating eye for 2 turns
 48715 | Elf:2    | Found Peniovan's Jewellery Shop.
 48722 | Elf:2    | Bought a +4 ring of evasion for 576 gold pieces
 48722 | Elf:2    | Bought the amulet "Gahom" {+Rage rC+ Str+4} for 998 gold pieces
 48769 | Elf:2    | Found a runed gate.
 48769 | Elf:2    | Found a runed gate.
 48775 | Elf:2    | Found a runed gate.
 49822 | Elf:3    | Entered Level 3 of the Elven Halls
 50385 | Elf:3    | Found Ybeatt's General Store.
 50388 | Elf:3    | Bought a potion of resistance for 140 gold pieces
 50561 | Elf:3    | Gained mutation: You are frail. (-10% HP) [a neqoxec]
 50563 | Elf:3    | HP: 6/173 [orc priest/divine providence (14)]
 50570 | Elf:3    | HP: 4/173 [orc warlord/bolt (25)]
 51741 | Elf:3    | Reached skill level 24 in Dodging
 52720 | Elf:3    | Got a steaming ring mail
 52731 | Elf:3    | Identified the +4 ring mail "Jeotil" {rElec Str-2 Dex+7} (You took it off a deep elf master archer on level 3 of the Elven Halls)
 52765 | Elf:3    | Identified a scroll of acquirement
 53017 | Elf:3    | Reached XP level 20. HP: 181/181 MP: 19/19
 53487 | Elf:3    | Identified the Grimoire of Aerial Confrontation
 53924 | Vaults:1 | Entered Level 1 of the Vaults
 54326 | Vaults:1 | Found Tokhlak's Book Boutique.
 54343 | Vaults:1 | Reached skill level 15 in Long Blades
 54378 | Vaults:1 | Found Biohik's Antique Armour Boutique.
 54387 | Vaults:1 | Bought a faintly humming ring mail for 279 gold pieces
 54397 | Vaults:1 | Identified the +1 ring mail of Ynagocsua {+Fly rElec Dex-5 Stlth+} (You bought it in a shop on level 1 of the Vaults)
 54820 | Vaults:1 | Found Begolaev's General Store.
 54848 | Vaults:1 | Got a dazzling great sword
 54849 | Vaults:1 | Identified the +5 great sword of Foolhardiness {speed, rElec Str+3} (You found it on level 1 of the Vaults)
 54858 | Vaults:1 | Bought a potion of agility for 56 gold pieces
 54858 | Vaults:1 | Bought a potion of agility for 56 gold pieces
 55110 | Vaults:1 | Found a sparkling altar of Nemelex Xobeh.
 55178 | Vaults:1 | Found Xomen's Assorted Antiques.
 55217 | Vaults:1 | Bought a potion of haste for 280 gold pieces
 55217 | Vaults:1 | Bought a scroll of identify for 56 gold pieces
 55217 | Vaults:1 | Bought a scroll of identify for 56 gold pieces
 55277 | Vaults:1 | Noticed Jorgrun
 55285 | Vaults:1 | Noticed rjrrt's ghost (adept DEFE)
 55293 | Vaults:1 | Killed Jorgrun
 55305 | Vaults:1 | Killed rjrrt's ghost
 56757 | Vaults:2 | Found a magical portal.
 56764 | WizLab   | Entered The Hall of the Hellbinder
 56861 | WizLab   | Noticed Seffar
 56863 | WizLab   | Found a burning altar of Makhleb.
 56870 | WizLab   | Killed Seffar the Hellbinder
 56909 | WizLab   | Identified Guasah's Grimoire of the Escort
 56938 | WizLab   | Identified Wiakeodgh's Volume of Calling
 57379 | Vaults:2 | Found a staircase to the Crypt.
 57819 | Vaults:2 | Reached XP level 21. HP: 145/188 MP: 20/20
 58261 | Crypt:1  | Entered Level 1 of the Crypt
 58387 | Crypt:1  | Noticed Aizul
 58409 | Crypt:1  | Killed Aizul
 58662 | Crypt:1  | Noticed Mennas
 58688 | Crypt:1  | Killed Mennas
 59225 | Crypt:1  | Reached skill level 25 in Dodging
 59908 | Crypt:2  | Noticed Saint Roka
 59974 | Crypt:2  | Killed Saint Roka
 60731 | Crypt:3  | Entered Level 3 of the Crypt
 61048 | Crypt:3  | Reached skill level 26 in Dodging
 61123 | Crypt:3  | Reached XP level 22. HP: 145/195 MP: 21/21
 61577 | Crypt:3  | Found an ancient bone altar of Kikubaaqudgha.
 61609 | Crypt:3  | Noticed an ancient lich
 61620 | Crypt:3  | Killed an ancient lich
 62201 | Crypt:3  | Reached skill level 27 in Dodging
 62535 | Crypt:3  | Found a staircase to the Tomb.
 62806 | Tomb:1   | Entered Level 1 of the Tomb of the Ancients
 62915 | Tomb:1   | Paralysed by a sphinx for 4 turns
 62919 | Tomb:1   | HP: 3/195 [sphinx (8)]
 62919 | Tomb:1   | Slain by a sphinx

Vault maps used:
D:1:      minmay_arrival_five_plusses, minmay_misc_feat_iff,
          serial_bayou_pond_d, wad_floor_pattern_1
D:2:      lemuel_round_altar
D:3:      serial_curves, eino_curves_02, eino_curves_02
D:4:      kennysheep_big_flooded_room, first_bread
D:5:      grunt_temple_overflow_cloverleaf, uniq_blork_the_orc, uniq_edmund,
          uniq_duvessa
D:6:      lemuel_upstairs_altar, gammafunk_temple_overflow_elements
D:8:      uniq_pikel
D:9:      lemuel_mausoleum_altar_yredelemnul, lemuel_doored_altar,
          blue_anna_alchemist, dk_noncrumbling_3
D:10:     minmay_cut_squares, basic_altar, serial_shops, shop,
          minmay_strange_pillars, hangedman_decor_opposing,
          hangedman_abyss_or_decor_passed, dk_vineyard_3
D:11:     david_lair_shrubbed, minmay_orc_entry_guard_dogs, serial_shops,
          nicolae_shop_temple_entry_statues_fountains, uniq_maurice
D:12:     regret_index_combs_of_tragedy, basic_altar, st_stairs_4, uniq_snorg,
          uniq_kirke
D:13:     thingy_vault, serial_shops, nicolae_shop_behind_doors, special_room,
          einodemon_armed_red_devil_minivault, uniq_josephine, uniq_erolcha
D:14:     lightli_vaults_fourway_checkpoint, enter_bailey_8
D:15:     hangedman_depths_entry_try_elsewhere_first,
          minmay_misc_feat_four_crosses
Lair:1:   lemuel_old_faithful
Lair:2:   minmay_guarded_unrand_snakebite, portal_ice_cave_entry_imps,
          lemuel_fruit_tree
Lair:3:   swamp_mist_pool, nicolae_spider_entry_orb_guardian,
          beast_lair_carwin_7, minmay_lair_oklob_chamber
Lair:4:   cheibrodos_magma_flow, kennysheep_basilisk_garden
Lair:5:   wad_woods_river_04, minivault_27, lemuel_fruit_fields,
          grunt_megastairs_3
Lair:6:   hangedman_lair_tendril_chambers, minmay_slime_entry_oklob_open
Swamp:1:  serial_swamp_ruin, evilmike_swamp_ruin_house_3,
          evilmike_swamp_ruin_house_1, evilmike_swamp_ruin_rubble_2
Swamp:2:  nicolae_swamp_orc_logging_accident
Swamp:3:  evilmike_swamp_ruin_house_6
Swamp:4:  swamp_basic_johnstein, swamp_pool1
Spider:3: uniq_agnes
Spider:4: floodkiller_spider_rune_tomb
Orc:1:    minmay_goldmine
Orc:2:    st_orc_open, basic_altar
Elf:1:    eino_elf_arrival_customs, evilmike_minifort, minivault_16
Elf:2:    serial_shops, nicolae_shop_behind_doors, onia_ninara_cookie
Elf:3:    elf_hall_gauntlet_narrow, serial_shops, nicolae_shop_behind_doors,
          special_room
Vaults:1: vaults_room_grunt_arrival_checkpoint, nicolae_vaults_three_branches,
          ontoclasm_vaults_idyll, grunt_vaults_focal,
          nicolae_vaults_sealed_display, basic_altar, serial_shops,
          nicolae_shop_overgrown_old_shop, nicolae_shop_stone,
          nicolae_shop_trees, nicolae_shop_overgrown_old_shop, uniq_jorgrun
Vaults:2: vaults_room_pool, ontoclasm_vaults_claustrophobia,
          ontoclasm_vaults_ligature, vaults_room_large_hall,
          minmay_crypt_entry_simple_walls, v_alt_pattern_4,
          hangedman_vaults_locks, nicolae_vaults_little_squares_4,
          ontoclasm_vaults_ring_large, vaults_dpeg_spiral,
          vaults_mumra_chevron_long, nicolae_vaults_circle_grid_b,
          vaults_dpeg_ring, nicolae_vaults_alarming, mu_enter_wizlab_6
Crypt:1:  serial_glass, glass_columns_b, glass_columns_a,
          minmay_misc_feat_alley, st_stairs_3, serial_sigils_hangedman_carve,
          uniq_mennas, uniq_aizul
Crypt:2:  nicolae_crypt_stairs_room, grunt_ministairs_5, grunt_megastairs_4,
          uniq_saint_roka
Crypt:3:  church_of_pain_bobbens, nicolae_tomb_entry_unfolded_pyramid_diagonal
Bailey:   bailey_polearm_5, bailey
IceCv:    ice_cave_caverns_01
WizLab:   wizlab_demon

Skill      XL: |  1  2  3  4  5  6  7  8  9 10 11 12 13 14 15 16 17 18 19 20 21 22 |
---------------+-------------------------------------------------------------------+-----
Dodging        | 4 5 6 7 9 10 11 15 16 17 20 21 22 24 26 27 | 27.0
Long Blades    | 4 5 6 7 8 11 14 19 20 21 | 21.1
Stealth        | 2 3 4 5 7 9 11 12 | 12.7
Fighting       | 4 5 7 8 11 13 17 19 21 22 | 22.7
Armour         | 7 |  7.3

Action                   |  1- 3 |  4- 6 |  7- 9 | 10-12 | 13-15 | 16-18 | 19-21 | 22-24 || total
-------------------------+-------+-------+-------+-------+-------+-------+-------+-------++-------
Melee: Falchion          |    72 |    79 |   359 |   116 |       |       |       |       ||   626
       Headbutt          |    18 |    22 |   116 |   214 |   542 |   764 |   639 |   146 ||  2461
       Long sword        |       |       |       |   546 |  1041 |  1416 |   524 |       ||  3527
       Unarmed           |       |       |       |       |     3 |       |       |       ||     3
       Great sword       |       |       |       |       |       |       |   715 |   202 ||   917
       Eudemon blade     |       |       |       |       |       |       |     4 |       ||     4
       Triple sword      |       |       |       |       |       |       |       |    26 ||    26
Invok: Shadow Step       |       |       |       |       |     1 |     9 |     1 |       ||    11
 Abil: Evoke Berserk Rag |       |       |       |       |     7 |     7 |     2 |     1 ||    17
Evoke: Wand              |       |       |     1 |       |       |     6 |       |       ||     7
  Use: Scroll            |     2 |     9 |     9 |    15 |    18 |    24 |    17 |     1 ||    95
       Potion            |       |       |    12 |     3 |     3 |    27 |     9 |       ||    54
 Stab: Sleeping          |     8 |     3 |    13 |    28 |    23 |    46 |    59 |    12 ||   192
       Invisible         |       |       |    10 |       |       |     3 |       |       ||    13
       Distracted        |       |       |     1 |     5 |     9 |     7 |     9 |     4 ||    35
  Eat: Chunk             |     1 |     4 |    10 |     4 |    15 |    10 |    18 |       ||    62
       Bread ration      |       |       |     2 |     3 |       |       |     2 |       ||     7
       Meat ration       |       |       |       |     2 |     7 |     8 |       |       ||    17
       Pizza             |       |       |       |       |     2 |     4 |       |       ||     6
       Royal jelly       |       |       |       |       |       |     1 |     1 |     1 ||     3
       Beef jerky        |       |       |       |       |       |     5 |     7 |     3 ||    15
       Fruit             |       |       |       |       |       |     1 |     7 |     1 ||     9
Armor: Leather armour    |     8 |    16 |    57 |    35 |       |       |       |       ||   116
       Ring mail         |       |       |       |    65 |   181 |   143 |    52 |    33 ||   474
       Swamp dragon scal |       |       |       |       |       |    77 |    48 |       ||   125
Dodge: Dodged            |    53 |    64 |   277 |   584 |  1235 |  1962 |  1092 |   279 ||  5546
       Rpst.: Falchion   |    17 |    22 |    84 |    24 |       |       |       |       ||   147
       Long sword        |       |       |       |   128 |   480 |   748 |   215 |       ||  1571
       Great sword       |       |       |       |       |       |       |   307 |    92 ||   399
       Eudemon blade     |       |       |       |       |       |       |     1 |       ||     1
       Triple sword      |       |       |       |       |       |       |       |    13 ||    13
